[ AOE2 MATCH · #476695736 ]
UnrankedSpanish vs Magyars
[ REPLAY ANALYSIS · EXTRACTED FROM THE RECORDED GAME ]
Feudal
14:20
Castle
19:56
Imperial
35:31
| APM avg | 21.6 |
| APM peak | 51 |
| eAPM avg | 16.3 |
| Villagers / military | 170 / 468 |
Focus
⚔️ 31.1% · 🌾 68.9%
Spearman ×220 · Knight ×198 · Trade Cart ×40 · Mangonel ×28 · Militia ×8 · Bombard Cannon ×6
Feudal
12:16
Castle
16:16
Imperial
33:42
| APM avg | 27.8 |
| APM peak | 60 |
| eAPM avg | 20.4 |
| Villagers / military | 146 / 313 |
Focus
⚔️ 30.1% · 🌾 69.9%
Spearman ×141 · Samurai ×46 · Trade Cart ×42 · Knight ×40 · Hand Cannoneer ×18 · Cavalry Archer ×17
Feudal
12:41
Castle
16:39
Imperial
35:08
| APM avg | 49.1 |
| APM peak | 110 |
| eAPM avg | 27.1 |
| Villagers / military | 128 / 334 |
Focus
⚔️ 34.5% · 🌾 65.5%
Skirmisher ×124 · Scout Cavalry ×89 · Knight ×72 · Cavalry Archer ×34 · Trade Cart ×19 · Mangonel ×6
Feudal
12:02
Castle
16:51
Imperial
35:28
| APM avg | 29.9 |
| APM peak | 171 |
| eAPM avg | 20.9 |
| Villagers / military | 149 / 166 |
Focus
⚔️ 35.9% · 🌾 64.1%
Hand Cannoneer ×60 · War Elephant ×47 · Spearman ×40 · Bombard Cannon ×10 · Trade Cart ×8 · Trebuchet (Packed) ×8
Match map
Initial resources + every placement click. Lines = walls · curves = elevation contours. ◆ gold · ⬟ stone · ● berries · ✦ relic · ◌ wall gap
Your base· ✓ Closed at 19:56 · 28t walls · 1 gate(s)
Bart Harley Jarvis's base· ✓ Closed at 16:16 · 20t walls · 2 gate(s)
sebasG0220's base· ✓ Closed at 16:39 · 3t walls · 2 gate(s)
therealfukgniancatツ's base· ✓ Closed at 16:51 · 23t walls · no gate
Smoothed initial terrain · ◌ = detected wall gap · hover for details
Inputs per minute
— lovestosplooge - - Bart Harley Jarvis
Build order — lovestosplooge
First 150 of 581 actions detected
| 0:03 | Build | House |
| 0:08 | Build | House |
| 0:10 | Research | Loom |
| 0:10 | Create | Villager (Male) |
| 0:11 | Create | Villager (Male) |
| 0:11 | Create | Villager (Male) |
| 0:11 | Create | Villager (Male) |
| 1:31 | Build | Palisade Wall |
| 1:53 | Build | Palisade Gate |
| 2:30 | Build | Lumber Camp |
| 2:47 | Create | Villager (Male) |
| 2:47 | Create | Villager (Male) |
| 3:14 | Create | Villager (Male) |
| 3:15 | Create | Villager (Male) |
| 3:38 | Build | Palisade Wall |
| 3:39 | Create | Villager (Male) |
| 3:39 | Create | Villager (Male) |
| 3:46 | Build | House |
| 4:15 | Create | Villager (Male) |
| 4:48 | Build | Palisade Wall |
| 4:51 | Create | Villager (Male) |
| 4:51 | Create | Villager (Male) |
| 5:04 | Create | Villager (Male) |
| 5:33 | Build | Mill |
| 5:53 | Create | Villager (Male) |
| 6:12 | Create | Villager (Male) |
| 6:21 | Create | Villager (Male) |
| 6:52 | Build | House |
| 6:57 | Create | Villager (Male) |
| 7:21 | Create | Villager (Male) |
| 7:21 | Create | Villager (Male) |
| 7:22 | Create | Villager (Male) |
| 7:38 | Create | Villager (Male) |
| 7:38 | Create | Villager (Male) |
| 7:56 | Create | Villager (Male) |
| 7:56 | Create | Villager (Male) |
| 8:38 | Build | Barracks |
| 8:53 | Create | Villager (Male) |
| 8:53 | Create | Villager (Male) |
| 9:02 | Build | Mining Camp |
| 9:17 | Build | House |
| 10:02 | Create | Villager (Male) |
| 10:03 | Create | Villager (Male) |
| 10:18 | Build | Lumber Camp |
| 10:55 | Create | Villager (Male) |
| 10:55 | Create | Villager (Male) |
| 11:02 | Create | Villager (Male) |
| 11:03 | Create | Villager (Male) |
| 11:30 | Build | Mill |
| 11:47 | Research | Feudal Age |
| 12:19 | Build | Mining Camp |
| 12:28 | Build | House |
| 14:20 | Age | Feudal Age |
| 14:23 | Build | Market |
| 14:33 | Build | Blacksmith |
| 14:36 | Research | Wheelbarrow |
| 14:44 | Research | Double-Bit Axe |
| 15:08 | Create | Villager (Male) |
| 15:08 | Create | Villager (Male) |
| 15:29 | Create | Spearman |
| 16:23 | Build | Stone Wall |
| 16:38 | Create | Villager (Male) |
| 17:13 | Build | Farm |
| 17:16 | Research | Castle Age |
| 17:32 | Build | Farm |
| 17:32 | Build | Farm |
| 17:32 | Build | Farm |
| 17:33 | Build | Farm |
| 17:33 | Build | Farm |
| 17:41 | Research | Horse Collar |
| 17:57 | Build | Farm |
| 17:58 | Build | Farm |
| 17:58 | Build | Farm |
| 17:58 | Build | Farm |
| 18:00 | Build | Farm |
| 18:23 | Build | Stone Wall |
| 18:45 | Build | House |
| 18:50 | Build | House |
| 19:11 | Build | Stone Wall |
| 19:17 | Build | Farm |
| 19:17 | Build | Farm |
| 19:21 | Create | Villager (Male) |
| 19:21 | Create | Villager (Male) |
| 19:28 | Build | Farm |
| 19:33 | Research | Fletching |
| 19:34 | Research | Padded Archer Armor |
| 19:56 | Age | Castle Age |
| 20:02 | Build | Town Center |
| 20:10 | Research | Hand Cart |
| 20:29 | Research | Bow Saw |
| 20:40 | Research | Bodkin Arrow |
| 20:43 | Create | Villager (Male) |
| 21:17 | Research | Heavy Plow |
| 21:30 | Create | Villager (Male) |
| 21:42 | Build | Stone Wall |
| 21:53 | Create | Villager (Male) |
| 21:58 | Build | Siege Workshop |
| 22:00 | Create | Villager (Male) |
| 22:03 | Create | Villager (Male) |
| 22:03 | Create | Villager (Male) |
| 22:32 | Build | Town Center |
| 22:35 | Create | Villager (Male) |
| 22:35 | Create | Villager (Male) |
| 22:41 | Create | Mangonel |
| 23:09 | Build | Stone Wall |
| 23:10 | Build | Stone Wall |
| 23:41 | Research | Padded Archer Armor |
| 24:17 | Build | Archery Range |
| 24:21 | Create | Villager (Male) |
| 24:21 | Create | Villager (Male) |
| 24:21 | Create | Villager (Male) |
| 24:29 | Create | Mangonel |
| 24:32 | Create | Villager (Male) |
| 24:33 | Create | Villager (Male) |
| 24:33 | Create | Villager (Male) |
| 24:33 | Create | Villager (Male) |
| 24:51 | Build | Farm |
| 24:53 | Create | Villager (Male) |
| 24:54 | Create | Villager (Male) |
| 24:55 | Create | Villager (Male) |
| 25:12 | Build | Gate |
| 25:24 | Build | Town Center |
| 25:26 | Create | Villager (Male) |
| 25:26 | Create | Villager (Male) |
| 25:26 | Create | Villager (Male) |
| 25:26 | Create | Villager (Male) |
| 25:32 | Build | Farm |
| 25:46 | Build | Farm |
| 25:49 | Create | Villager (Male) |
| 25:50 | Create | Villager (Male) |
| 26:09 | Build | Stone Wall |
| 26:29 | Build | House |
| 26:30 | Build | House |
| 26:36 | Build | Farm |
| 26:40 | Build | Farm |
| 26:42 | Build | Farm |
| 26:44 | Create | Villager (Male) |
| 26:45 | Create | Villager (Male) |
| 26:45 | Create | Villager (Male) |
| 26:45 | Create | Villager (Male) |
| 26:45 | Create | Villager (Male) |
| 26:46 | Create | Villager (Male) |
| 26:46 | Create | Villager (Male) |
| 26:46 | Create | Villager (Male) |
| 27:08 | Build | Archery Range |
| 27:09 | Create | Villager (Male) |
| 27:09 | Create | Villager (Male) |
| 27:09 | Create | Villager (Male) |
| 27:10 | Create | Villager (Male) |
| 27:10 | Create | Villager (Male) |
Build order — Bart Harley Jarvis
First 150 of 552 actions detected
| 0:00 | Create | Villager (Male) |
| 0:01 | Create | Villager (Male) |
| 0:01 | Create | Villager (Male) |
| 0:02 | Build | House |
| 0:04 | Build | House |
| 0:39 | Research | Loom |
| 0:40 | Create | Villager (Male) |
| 1:31 | Build | Palisade Wall |
| 1:51 | Build | House |
| 2:04 | Create | Villager (Male) |
| 2:09 | Create | Villager (Male) |
| 3:07 | Build | Lumber Camp |
| 3:09 | Create | Villager (Male) |
| 3:09 | Create | Villager (Male) |
| 3:51 | Create | Villager (Male) |
| 3:51 | Create | Villager (Male) |
| 3:51 | Create | Villager (Male) |
| 4:54 | Create | Villager (Male) |
| 4:54 | Create | Villager (Male) |
| 5:12 | Create | Villager (Male) |
| 5:23 | Create | Villager (Male) |
| 6:06 | Build | House |
| 6:26 | Build | Mill |
| 6:35 | Create | Villager (Male) |
| 6:35 | Create | Villager (Male) |
| 7:06 | Create | Villager (Male) |
| 7:28 | Create | Villager (Male) |
| 7:57 | Create | Villager (Male) |
| 8:05 | Build | Mill |
| 8:07 | Build | House |
| 8:48 | Create | Villager (Male) |
| 8:56 | Create | Villager (Male) |
| 8:56 | Create | Villager (Male) |
| 9:23 | Build | Mining Camp |
| 9:59 | Research | Feudal Age |
| 10:13 | Build | House |
| 12:16 | Age | Feudal Age |
| 12:18 | Build | Market |
| 12:23 | Build | Blacksmith |
| 12:26 | Create | Villager (Male) |
| 12:26 | Create | Villager (Male) |
| 13:02 | Build | Gate |
| 13:04 | Build | Stone Wall |
| 13:15 | Build | Mining Camp |
| 13:20 | Build | Mining Camp |
| 13:36 | Research | Castle Age |
| 14:34 | Build | Gate |
| 14:36 | Build | Stone Wall |
| 14:39 | Build | Stone Wall |
| 14:47 | Research | Double-Bit Axe |
| 14:47 | Research | Horse Collar |
| 14:51 | Research | Gold Mining |
| 14:59 | Build | Farm |
| 15:00 | Build | Farm |
| 16:16 | Age | Castle Age |
| 16:18 | Build | Town Center |
| 16:19 | Create | Villager (Male) |
| 16:27 | Research | Bow Saw |
| 16:30 | Research | Heavy Plow |
| 16:45 | Create | Villager (Male) |
| 16:48 | Build | Farm |
| 16:55 | Build | Farm |
| 16:57 | Build | Farm |
| 16:58 | Build | Farm |
| 17:23 | Build | House |
| 17:24 | Build | House |
| 17:27 | Build | House |
| 17:28 | Build | House |
| 17:31 | Create | Villager (Male) |
| 17:31 | Create | Villager (Male) |
| 17:51 | Build | Farm |
| 17:53 | Create | Villager (Male) |
| 17:54 | Create | Villager (Male) |
| 18:00 | Build | Farm |
| 18:17 | Create | Villager (Male) |
| 18:18 | Create | Villager (Male) |
| 18:23 | Build | Farm |
| 18:31 | Build | Farm |
| 18:33 | Build | Farm |
| 18:42 | Create | Villager (Male) |
| 18:43 | Create | Villager (Male) |
| 18:43 | Create | Villager (Male) |
| 18:52 | Build | Farm |
| 19:07 | Build | Town Center |
| 19:11 | Create | Villager (Male) |
| 19:11 | Create | Villager (Male) |
| 19:18 | Build | Farm |
| 19:20 | Build | Farm |
| 19:22 | Create | Villager (Male) |
| 19:23 | Create | Villager (Male) |
| 19:23 | Create | Villager (Male) |
| 19:43 | Build | Farm |
| 19:46 | Create | Villager (Male) |
| 19:46 | Create | Villager (Male) |
| 20:16 | Build | Farm |
| 20:19 | Create | Villager (Male) |
| 20:19 | Create | Villager (Male) |
| 20:25 | Create | Trade Cart |
| 20:26 | Create | Trade Cart |
| 20:28 | Create | Villager (Male) |
| 20:28 | Create | Villager (Male) |
| 20:33 | Build | Farm |
| 21:00 | Build | Farm |
| 21:03 | Create | Villager (Male) |
| 21:03 | Create | Villager (Male) |
| 21:15 | Research | Caravan |
| 21:27 | Build | Town Center |
| 21:38 | Create | Villager (Male) |
| 21:38 | Create | Villager (Male) |
| 21:47 | Build | Monastery |
| 21:54 | Build | Farm |
| 22:01 | Build | Farm |
| 22:03 | Create | Villager (Male) |
| 22:03 | Create | Villager (Male) |
| 22:03 | Create | Villager (Male) |
| 22:14 | Build | Farm |
| 22:25 | Build | Barracks |
| 22:28 | Create | Monk |
| 22:49 | Build | Farm |
| 22:50 | Create | Villager (Male) |
| 22:50 | Create | Villager (Male) |
| 22:51 | Create | Villager (Male) |
| 22:54 | Create | Villager (Male) |
| 22:54 | Create | Villager (Male) |
| 22:54 | Create | Villager (Male) |
| 23:00 | Build | Farm |
| 23:01 | Build | Farm |
| 23:08 | Build | Farm |
| 23:13 | Create | Villager (Male) |
| 23:14 | Create | Villager (Male) |
| 23:18 | Build | Farm |
| 23:21 | Build | Farm |
| 23:23 | Create | Villager (Male) |
| 23:47 | Build | House |
| 23:49 | Build | House |
| 23:53 | Build | House |
| 24:02 | Build | House |
| 24:07 | Build | Farm |
| 24:10 | Research | Wheelbarrow |
| 24:11 | Research | Town Watch |
| 24:24 | Build | House |
| 24:26 | Build | House |
| 24:28 | Build | House |
| 24:34 | Build | Outpost |
| 24:55 | Build | Outpost |
| 25:00 | Build | Outpost |
| 25:07 | Create | Villager (Male) |
| 25:07 | Create | Villager (Male) |
| 25:07 | Create | Villager (Male) |
| 25:07 | Create | Villager (Male) |
Build order — sebasG0220
First 150 of 671 actions detected
| 0:03 | Build | House |
| 0:04 | Build | House |
| 0:06 | Create | Villager (Male) |
| 0:06 | Create | Villager (Male) |
| 0:06 | Create | Villager (Male) |
| 0:06 | Create | Villager (Male) |
| 0:06 | Create | Villager (Male) |
| 1:32 | Create | Villager (Male) |
| 1:32 | Create | Villager (Male) |
| 1:51 | Build | Lumber Camp |
| 2:00 | Create | Villager (Male) |
| 2:00 | Create | Villager (Male) |
| 2:21 | Create | Villager (Male) |
| 2:21 | Create | Villager (Male) |
| 2:39 | Create | Villager (Male) |
| 2:40 | Create | Villager (Male) |
| 3:14 | Create | Villager (Male) |
| 3:15 | Create | Villager (Male) |
| 3:29 | Build | House |
| 3:31 | Build | House |
| 3:40 | Create | Villager (Male) |
| 3:40 | Create | Villager (Male) |
| 4:04 | Build | Mill |
| 4:08 | Create | Villager (Male) |
| 4:08 | Create | Villager (Male) |
| 4:24 | Create | Villager (Male) |
| 4:25 | Create | Villager (Male) |
| 5:00 | Create | Villager (Male) |
| 5:00 | Create | Villager (Male) |
| 5:34 | Build | House |
| 5:55 | Create | Villager (Male) |
| 5:56 | Create | Villager (Male) |
| 5:56 | Create | Villager (Male) |
| 5:56 | Create | Villager (Male) |
| 6:43 | Create | Villager (Male) |
| 6:43 | Create | Villager (Male) |
| 6:43 | Create | Villager (Male) |
| 6:47 | Create | Villager (Male) |
| 6:47 | Create | Villager (Male) |
| 7:03 | Create | Villager (Male) |
| 7:04 | Create | Villager (Male) |
| 7:17 | Build | Mill |
| 7:28 | Create | Villager (Male) |
| 7:29 | Create | Villager (Male) |
| 8:31 | Build | House |
| 9:19 | Build | Mining Camp |
| 9:34 | Create | Villager (Male) |
| 10:02 | Research | Feudal Age |
| 10:45 | Build | House |
| 11:18 | Research | Loom |
| 11:52 | Build | Palisade Gate |
| 12:24 | Create | Villager (Male) |
| 12:25 | Create | Villager (Male) |
| 12:41 | Age | Feudal Age |
| 12:42 | Build | Blacksmith |
| 12:52 | Build | Market |
| 13:13 | Build | Farm |
| 13:24 | Build | Lumber Camp |
| 13:59 | Research | Castle Age |
| 14:07 | Build | Barracks |
| 14:13 | Build | Palisade Gate |
| 14:49 | Build | Farm |
| 14:49 | Build | Farm |
| 14:50 | Build | Farm |
| 14:51 | Build | Farm |
| 14:57 | Build | Farm |
| 15:09 | Build | Farm |
| 15:26 | Research | Double-Bit Axe |
| 15:40 | Build | Palisade Wall |
| 16:00 | Build | Stable |
| 16:39 | Age | Castle Age |
| 16:45 | Build | Town Center |
| 16:49 | Create | Villager (Male) |
| 16:49 | Create | Villager (Male) |
| 16:49 | Create | Villager (Male) |
| 16:50 | Create | Villager (Male) |
| 16:54 | Create | Villager (Male) |
| 17:02 | Build | Archery Range |
| 17:26 | Create | Villager (Male) |
| 17:45 | Create | Villager (Male) |
| 17:50 | Build | Farm |
| 17:54 | Build | Farm |
| 17:57 | Create | Villager (Male) |
| 18:02 | Create | Cavalry Archer |
| 18:02 | Create | Cavalry Archer |
| 18:20 | Build | House |
| 18:26 | Build | Farm |
| 18:28 | Create | Villager (Male) |
| 18:38 | Create | Cavalry Archer |
| 18:38 | Create | Cavalry Archer |
| 18:38 | Create | Cavalry Archer |
| 19:07 | Build | Siege Workshop |
| 19:11 | Create | Cavalry Archer |
| 19:11 | Create | Cavalry Archer |
| 19:17 | Create | Cavalry Archer |
| 19:17 | Create | Cavalry Archer |
| 19:19 | Create | Villager (Male) |
| 19:20 | Create | Villager (Male) |
| 19:23 | Build | Farm |
| 19:30 | Create | Villager (Male) |
| 19:34 | Create | Villager (Male) |
| 19:38 | Create | Cavalry Archer |
| 19:56 | Create | Battering Ram |
| 20:07 | Create | Villager (Male) |
| 20:07 | Create | Villager (Male) |
| 20:07 | Create | Villager (Male) |
| 20:17 | Build | House |
| 20:19 | Build | House |
| 20:22 | Research | Loom |
| 20:27 | Research | Horse Collar |
| 20:28 | Research | Bow Saw |
| 20:34 | Build | Farm |
| 21:09 | Create | Villager (Male) |
| 21:09 | Create | Villager (Male) |
| 21:11 | Create | Villager (Male) |
| 21:12 | Create | Villager (Male) |
| 21:17 | Build | Farm |
| 21:24 | Create | Villager (Male) |
| 21:42 | Build | House |
| 21:49 | Build | Farm |
| 21:53 | Build | Farm |
| 21:54 | Create | Villager (Male) |
| 21:56 | Create | Villager (Male) |
| 22:05 | Create | Cavalry Archer |
| 22:18 | Build | Farm |
| 22:21 | Build | Farm |
| 22:21 | Create | Villager (Male) |
| 22:46 | Research | Fletching |
| 22:49 | Create | Villager (Male) |
| 23:06 | Build | Farm |
| 23:08 | Create | Villager (Male) |
| 23:08 | Create | Villager (Male) |
| 23:08 | Create | Villager (Male) |
| 23:11 | Create | Villager (Male) |
| 23:11 | Create | Villager (Male) |
| 23:14 | Build | House |
| 23:15 | Build | House |
| 23:29 | Create | Cavalry Archer |
| 24:39 | Build | Stable |
| 24:40 | Build | Stable |
| 24:42 | Create | Cavalry Archer |
| 24:43 | Create | Cavalry Archer |
| 24:46 | Create | Villager (Male) |
| 24:46 | Create | Villager (Male) |
| 24:52 | Build | Lumber Camp |
| 24:57 | Research | Wheelbarrow |
| 25:00 | Research | Heavy Plow |
| 25:11 | Build | Town Center |
| 25:21 | Create | Trade Cart |
| 25:22 | Create | Trade Cart |
Build order — therealfukgniancatツ
First 150 of 535 actions detected
| 0:03 | Build | House |
| 0:05 | Build | House |
| 0:09 | Create | Villager (Male) |
| 0:09 | Create | Villager (Male) |
| 0:09 | Create | Villager (Male) |
| 0:09 | Create | Villager (Male) |
| 0:55 | Create | Villager (Male) |
| 0:56 | Create | Villager (Male) |
| 1:38 | Create | Villager (Male) |
| 1:39 | Create | Villager (Male) |
| 1:52 | Build | Lumber Camp |
| 2:32 | Create | Villager (Male) |
| 2:32 | Create | Villager (Male) |
| 2:50 | Create | Villager (Male) |
| 2:58 | Research | Loom |
| 3:33 | Create | Villager (Male) |
| 3:33 | Create | Villager (Male) |
| 3:46 | Build | Palisade Wall |
| 3:54 | Build | Palisade Wall |
| 4:07 | Create | Villager (Male) |
| 4:07 | Create | Villager (Male) |
| 4:12 | Build | House |
| 4:29 | Create | Villager (Male) |
| 4:29 | Create | Villager (Male) |
| 5:07 | Build | Mill |
| 5:12 | Create | Villager (Male) |
| 5:34 | Build | Palisade Wall |
| 5:41 | Create | Villager (Male) |
| 6:01 | Build | House |
| 6:04 | Build | Palisade Wall |
| 6:12 | Create | Villager (Male) |
| 6:13 | Create | Villager (Male) |
| 7:00 | Create | Villager (Male) |
| 7:01 | Create | Villager (Male) |
| 7:01 | Create | Villager (Male) |
| 7:34 | Create | Villager (Male) |
| 7:35 | Create | Villager (Male) |
| 8:09 | Build | Mining Camp |
| 8:17 | Build | Lumber Camp |
| 8:41 | Create | Villager (Male) |
| 8:41 | Create | Villager (Male) |
| 9:31 | Create | Villager (Male) |
| 9:32 | Create | Villager (Male) |
| 9:48 | Build | Mill |
| 9:59 | Research | Feudal Age |
| 9:59 | Research | Feudal Age |
| 11:16 | Build | House |
| 11:43 | Create | Villager (Male) |
| 11:47 | Create | Villager (Male) |
| 12:02 | Age | Feudal Age |
| 12:08 | Create | Villager (Male) |
| 12:23 | Build | Blacksmith |
| 12:33 | Build | Market |
| 14:26 | Research | Castle Age |
| 15:31 | Build | House |
| 15:52 | Build | Stone Wall |
| 16:00 | Create | Villager (Male) |
| 16:15 | Build | Farm |
| 16:16 | Build | Farm |
| 16:16 | Build | Farm |
| 16:20 | Build | Farm |
| 16:21 | Build | Farm |
| 16:22 | Build | Farm |
| 16:22 | Build | Farm |
| 16:23 | Build | Farm |
| 16:28 | Build | Farm |
| 16:29 | Build | Farm |
| 16:29 | Build | Farm |
| 16:29 | Build | Farm |
| 16:40 | Build | Farm |
| 16:51 | Age | Castle Age |
| 16:58 | Create | Villager (Male) |
| 17:14 | Build | Town Center |
| 17:21 | Research | Double-Bit Axe |
| 17:38 | Build | Farm |
| 17:39 | Build | Farm |
| 17:42 | Create | Villager (Male) |
| 18:10 | Build | Town Center |
| 18:18 | Create | Villager (Male) |
| 18:19 | Create | Villager (Male) |
| 18:40 | Build | House |
| 18:55 | Create | Villager (Male) |
| 18:55 | Create | Villager (Male) |
| 19:00 | Create | Villager (Male) |
| 19:18 | Create | Villager (Male) |
| 19:34 | Create | Villager (Male) |
| 19:38 | Create | Villager (Male) |
| 20:02 | Create | Villager (Male) |
| 20:02 | Create | Villager (Male) |
| 20:09 | Build | Farm |
| 20:09 | Build | Farm |
| 20:10 | Build | Farm |
| 20:10 | Build | Farm |
| 20:14 | Build | Farm |
| 20:15 | Build | Farm |
| 20:16 | Build | Farm |
| 20:25 | Build | Farm |
| 20:25 | Build | Farm |
| 20:25 | Build | Farm |
| 20:33 | Build | Farm |
| 20:40 | Create | Villager (Male) |
| 20:45 | Create | Villager (Male) |
| 20:45 | Create | Villager (Male) |
| 21:00 | Build | Farm |
| 21:02 | Research | Horse Collar |
| 21:03 | Research | Horse Collar |
| 21:09 | Build | Farm |
| 21:10 | Build | Farm |
| 21:25 | Create | Villager (Male) |
| 21:36 | Create | Villager (Male) |
| 21:39 | Create | Villager (Male) |
| 21:39 | Create | Villager (Male) |
| 21:43 | Create | Villager (Male) |
| 21:55 | Research | Heavy Plow |
| 22:07 | Create | Villager (Male) |
| 22:22 | Create | Villager (Male) |
| 22:24 | Create | Villager (Male) |
| 22:36 | Build | House |
| 22:42 | Build | House |
| 22:43 | Build | House |
| 22:48 | Build | House |
| 22:49 | Build | House |
| 22:52 | Research | Wheelbarrow |
| 22:55 | Research | Town Watch |
| 22:57 | Create | Villager (Male) |
| 22:58 | Create | Villager (Male) |
| 23:00 | Create | Villager (Male) |
| 23:00 | Create | Villager (Male) |
| 23:04 | Create | Villager (Male) |
| 23:05 | Create | Villager (Male) |
| 23:09 | Build | Farm |
| 23:10 | Build | Farm |
| 23:10 | Build | Farm |
| 23:11 | Build | Farm |
| 23:31 | Create | Villager (Male) |
| 23:32 | Create | Villager (Male) |
| 23:35 | Research | Bow Saw |
| 23:35 | Research | Bow Saw |
| 23:45 | Create | Villager (Male) |
| 23:45 | Create | Villager (Male) |
| 23:49 | Build | House |
| 24:03 | Build | Mill |
| 24:05 | Build | Farm |
| 24:05 | Build | Farm |
| 24:05 | Build | Farm |
| 24:07 | Build | Farm |
| 24:09 | Create | Villager (Male) |
| 24:10 | Create | Villager (Male) |
| 24:11 | Create | Villager (Male) |
| 24:12 | Create | Villager (Male) |
Match timeline
| 1:31 | Bart Harley Jarvis · wall_segment Palisade Wall x5 |
| 1:31 | lovestosplooge · wall_segment Palisade Wall x5 |
| 3:38 | lovestosplooge · wall_segment Palisade Wall x4 |
| 3:46 | therealfukgniancatツ · wall_segment Palisade Wall x7 |
| 3:54 | therealfukgniancatツ · wall_segment Palisade Wall x6 |
| 4:48 | lovestosplooge · wall_segment Palisade Wall x6 |
| 5:34 | therealfukgniancatツ · wall_segment Palisade Wall x5 |
| 6:04 | therealfukgniancatツ · wall_segment Palisade Wall x1 |
| 8:38 | lovestosplooge · first_building Barracks |
| 12:02 | therealfukgniancatツ · age_up feudal |
| 12:16 | Bart Harley Jarvis · age_up feudal |
| 12:41 | sebasG0220 · age_up feudal |
| 13:04 | Bart Harley Jarvis · wall_segment Stone Wall x3 |
| 14:07 | sebasG0220 · first_building Barracks |
| 14:20 | lovestosplooge · age_up feudal |
| 14:36 | Bart Harley Jarvis · wall_segment Stone Wall x9 |
| 14:39 | Bart Harley Jarvis · wall_segment Stone Wall x11 |
| 15:40 | sebasG0220 · wall_segment Palisade Wall x3 |
| 15:52 | therealfukgniancatツ · wall_segment Stone Wall x10 |
| 16:00 | sebasG0220 · first_building Stable |
| 16:16 | Bart Harley Jarvis · age_up castle |
| 16:23 | lovestosplooge · wall_segment Stone Wall x4 |
| 16:39 | sebasG0220 · age_up castle |
| 16:51 | therealfukgniancatツ · age_up castle |
| 17:02 | sebasG0220 · first_building Archery Range |
| 18:02 | therealfukgniancatツ · first_market_buy 100 stone |
| 18:23 | lovestosplooge · wall_segment Stone Wall x2 |
| 19:07 | sebasG0220 · first_building Siege Workshop |
| 19:11 | lovestosplooge · wall_segment Stone Wall x7 |
| 19:56 | lovestosplooge · age_up castle |
| 21:42 | lovestosplooge · wall_segment Stone Wall x7 |
| 21:47 | Bart Harley Jarvis · first_building Monastery |
| 21:58 | lovestosplooge · first_building Siege Workshop |
| 22:25 | Bart Harley Jarvis · first_building Barracks |
| 23:09 | lovestosplooge · wall_segment Stone Wall x7 |
| 23:10 | lovestosplooge · wall_segment Stone Wall x2 |
| 24:17 | lovestosplooge · first_building Archery Range |
| 24:26 | therealfukgniancatツ · first_building Monastery |
| 24:33 | therealfukgniancatツ · wall_segment Stone Wall x6 |
| 25:49 | Bart Harley Jarvis · first_market_sell 100 wood |
| 26:09 | lovestosplooge · wall_segment Stone Wall x2 |
| 26:26 | Bart Harley Jarvis · first_building Archery Range |
| 26:33 | therealfukgniancatツ · first_building Barracks |
| 28:18 | lovestosplooge · first_building Monastery |
| 28:41 | therealfukgniancatツ · first_building Archery Range |
| 29:59 | therealfukgniancatツ · first_building Siege Workshop |
| 30:05 | lovestosplooge · first_building Castle |
| 30:15 | Bart Harley Jarvis · first_building Stable |
| 30:24 | sebasG0220 · first_market_buy 100 food |
| 30:31 | sebasG0220 · first_building Castle |
| 31:13 | therealfukgniancatツ · first_building Castle |
| 31:39 | Bart Harley Jarvis · first_building Castle |
| 31:54 | Bart Harley Jarvis · first_building Siege Workshop |
| 32:08 | lovestosplooge · first_market_sell 100 food |
| 32:34 | therealfukgniancatツ · first_market_sell 100 food |
| 33:42 | Bart Harley Jarvis · age_up imperial |
| 34:13 | therealfukgniancatツ · wall_segment Stone Wall x3 |
| 34:52 | therealfukgniancatツ · wall_segment Stone Wall x4 |
| 35:08 | sebasG0220 · age_up imperial |
| 35:14 | lovestosplooge · first_building Stable |
| 35:28 | therealfukgniancatツ · age_up imperial |
| 35:31 | lovestosplooge · age_up imperial |
| 36:02 | sebasG0220 · first_building Monastery |
| 46:20 | Bart Harley Jarvis · wall_segment Palisade Wall x2 |
| 48:09 | sebasG0220 · first_market_sell 100 wood |
| 49:02 | lovestosplooge · first_market_buy 100 food |
| 49:57 | therealfukgniancatツ · first_building Stable |
| 53:27 | Bart Harley Jarvis · tribute_sent a jugador 2 |
| 53:27 | Bart Harley Jarvis · tribute_sent a jugador 3 |
| 53:27 | Bart Harley Jarvis · tribute_sent a jugador 4 |
| 53:43 | lovestosplooge · tribute_sent a jugador 1 |
| 53:43 | lovestosplooge · tribute_sent a jugador 2 |
| 53:43 | lovestosplooge · tribute_sent a jugador 4 |
| 59:19 | therealfukgniancatツ · resign |
[ AI ANALYSIS · 1 CREDIT ]
What really happened in this match?
Wolo.gg analyzes every decision: build order, eco, micro, common mistakes by bracket. Personalized analysis on WhatsApp or Discord in 30 seconds.
Civ guide
Spanish
Perfil
Jugador #4702613